AoeStats
← TKBXPT2214

MegaRandom

505743185Analyzed
4v4 RM · 22d ago on Sep 10, 2026· 51m 51s· 8 players
Game mode
Random Map
Map size
Large (8 player)
Population
200
Speed
Normal
Resources
Standard
Victory
Conquest
Starting age
Dark Age
Ending age
Imperial Age
RankedLock teamsTeams togetherTeam positionsShared explorationLock speedFull tech treeHidden civsTurbo modeCheats
Victory
Defeat
🇫🇷 Maya · France
1145
+11
🇺🇸 Franks · United States
1098
+12
🇩🇪 Ethiopians · Germany
1064
+14
🇨🇭 Muisca · Switzerland
1024
+15
🇦🇷 Goths · Argentina
1098
-16
🇦🇷 Franks · Argentina
1047
-14
🇦🇷 Spanish · Argentina
1013
-13
🇵🇪 Teutons · Peru
918
-9
GUISO DE LENTEJAS
11:30 Feudal Age
15:50 Castle Age
14:19 Loom
15:13 Stone Mining
27:48 Horse Collar
28:31 Double-Bit Axe
30:15 Gold Mining
31:14 Ballistics
35:31 Padded Archer Armor
35:22 Fletching
36:35 Bow Saw
35:49 Man-at-Arms
36:37 Gambesons
37:07 Scale Mail Armor
37:18 Forging
41:39 Imperial Age
dientee
5:30 Loom
8:45 Loom
12:04 Feudal Age
16:56 Castle Age
14:47 Double-Bit Axe
18:33 Bow Saw
22:18 Horse Collar
25:45 Heavy Plow
27:17 Wheelbarrow
27:53 Gold Mining
28:09 Stone Mining
30:41 Forging
30:15 Pikeman
34:24 Imperial Age
32:31 Scale Mail Armor
32:34 Town Watch
33:04 Hand Cart
35:08 Stone Shaft Mining
34:42 Anarchy
35:45 Iron Casting
35:26 Chain Mail Armor
35:45 Crop Rotation
39:19 Blast Furnace
41:00 Man-at-Arms
44:18 Perfusion
47:07 Conscription
46:08 Elite Huskarl
47:13 Conscription
47:03 Sappers
TKBXPT2214
3:59 Loom
11:52 Feudal Age
13:12 Wheelbarrow
18:48 Castle Age
17:53 Double-Bit Axe
18:00 Gold Mining
19:42 Husbandry
20:00 Hand Cart
27:25 Stone Mining
28:11 Gold Shaft Mining
33:55 Scale Barding Armor
34:01 Forging
34:20 Pikeman
35:44 Chain Barding Armor
38:38 Iron Casting
37:53 Fletching
castle.franz06
14:25 Feudal Age
12:41 Loom
18:45 Castle Age
17:26 Double-Bit Axe
18:29 Horse Collar
mattmcneil9
0:26 Loom
11:57 Feudal Age
15:59 Castle Age
14:22 Double-Bit Axe
16:17 Wheelbarrow
24:53 Hand Cart
24:25 Town Watch
25:30 Scale Barding Armor
25:36 Forging
26:24 Gold Mining
27:00 Chain Barding Armor
26:50 Forging
27:20 Husbandry
31:14 Iron Casting
31:25 Bow Saw
31:58 Gold Shaft Mining
39:53 Stone Mining
44:10 Imperial Age
42:48 Scale Mail Armor
44:23 Chain Mail Armor
44:32 #83
44:32 Elite Throwing Axeman
45:33 Conscription
46:10 Plate Mail Armor
46:41 Blast Furnace
45:55 Siege Engineers
KaiZerShift
0:28 Loom
12:42 Feudal Age
17:57 Castle Age
19:48 Double-Bit Axe
19:44 Horse Collar
20:17 Town Watch
21:22 Wheelbarrow
26:06 Fletching
26:17 Padded Archer Armor
28:27 Bow Saw
29:38 Bodkin Arrow
29:59 Leather Archer Armor
34:41 Imperial Age
34:02 Hand Cart
37:19 Chemistry
36:42 Ballistics
37:03 Conscription
36:14 Elite Plumed Archer
37:16 Bracer
37:47 Ring Archer Armor
40:26 Squires
40:12 Arson
39:47 Man-at-Arms
40:30 Scale Mail Armor
40:41 Forging
40:44 Man-at-Arms
41:26 Long Swordsman
42:09 Two-Handed Swordsman
44:39 Two-Man Saw
43:33 Gold Mining
44:17 Chain Mail Armor
44:42 Iron Casting
49:38 Plate Mail Armor
50:13 Blast Furnace
b7ackwar
15:22 Loom
17:08 Feudal Age
15:25 Loom
20:22 Feudal Age
18:38 Loom
24:18 Castle Age
22:13 Double-Bit Axe
25:27 Horse Collar
33:39 Bow Saw
40:34 Imperial Age
39:23 Wheelbarrow
39:16 Ballistics
38:49 Fletching
39:00 Padded Archer Armor
39:40 Bodkin Arrow
39:44 Murder Holes
39:17 Crossbowman
41:06 Leather Archer Armor
40:38 Arbalester
41:22 Bracer
41:51 Conscription
43:38 Chemistry
45:25 Thumb Ring
48:39 Careening
48:39 Clinker Construction
48:50 Shipwright
48:36 Siege Engineers
49:04 Ring Archer Armor
49:39 Hand Cart
49:09 Town Watch
Bobpower
2:00 Loom
13:25 Feudal Age
17:10 Castle Age
15:53 Stone Mining
15:52 Double-Bit Axe
16:05 Gold Mining
16:46 Horse Collar
24:58 Town Watch
27:45 Wheelbarrow
27:45 Town Patrol
29:18 Hand Cart
29:15 Heavy Plow
29:37 Bow Saw
29:32 Scale Mail Armor
30:30 Stone Shaft Mining
30:51 Squires
30:12 Pikeman
32:38 Gold Shaft Mining
31:48 Champi Runner
32:02 Elite Skirmisher
32:35 Fletching
32:45 Padded Archer Armor
37:39 Imperial Age
37:01 Thumb Ring
36:17 Crossbowman
37:01 Padded Archer Armor
36:57 Bodkin Arrow
37:13 Forging
37:18 Chain Mail Armor
36:46 Fishing Lines
36:34 Champi Warrior
38:27 Elite Temple Guard
38:33 Elite Champi Warrior
40:49 Ballistics
41:30 Chemistry
41:34 Capped Ram
43:31 Leather Archer Armor
43:47 Plate Mail Armor
43:53 Iron Casting
44:03 Herbalism
44:24 Conscription
44:18 Huaracas
46:22 Bracer
51:34 Gillnets
Connection lost

Rejoining the realm…

Still unreachable

The connection could not be restored.

Session expired

The server has moved on; the page needs a fresh start.